 Dungeon Crawl Stone Soup version 0.26-a0-651-gb41185065b (webtiles) character file.

Game seed: 12861613380119676267

4827 KennyOmg the Cleaver (level 10, -2/141 HPs)
             Began as a Minotaur Berserker on Sept 30, 2020.
             Was an Elder of Trog.
             Slain by a two-headed ogre
             ... wielding a +0 giant club
              (6 damage)
             ... on level 8 of the Dungeon.
             The game lasted 00:11:19 (7960 turns).

KennyOmg the Cleaver (Minotaur Berserker)           Turns: 7960, Time: 00:11:19

Health: -2/141     AC: 25    Str: 21    XL:     10   Next: 25%
Magic:  9/9        EV:  2    Int:  7    God:    Trog [****..]
Gold:   312        SH:  7    Dex: 17    Spells: 9/9 levels left

rFire    . . .     SeeInvis .   a - +0 war axe
rCold    . . .     Faith    .   G - +2 buckler
rNeg     + + +     Spirit   .   (armour currently unavailable)
rPois    +         Reflect  .   (helmet currently unavailable)
rElec    .         Harm     .   (cloak currently unavailable)
rCorr    .         Rampage  .   (gloves currently unavailable)
MR       ++...     NoTele   +   (boots currently unavailable)
Stlth    ++........             (no amulet)
HPRegen  1.33/turn              v - +4 ring of slaying
MPRegen  0.11/turn              u - +6 ring of dexterity

@: tree-form, berserk cooldown, regenerating, slowed, very slow
A: (retaliatory headbutt)
a: Berserk, Trog's Hand, Brothers in Arms, Renounce Religion


You were on level 8 of the Dungeon.
You worshipped Trog.
Trog was greatly pleased with you.
You were a tree.
You visited 1 branch of the dungeon, and saw 8 of its levels.

You collected 312 gold pieces.

Inventory:

Hand Weapons
 a - a +0 war axe (weapon)
   (You found it on level 2 of the Dungeon)
Missiles
 d - 23 poisoned darts (quivered)
 x - a throwing net {!f}
Armour
 m - a +0 pair of boots (melded)
   (You found it on level 2 of the Dungeon)
 s - a +0 cloak of stealth (melded)
   (You took it off Crazy Yiuf on level 3 of the Dungeon)
 F - a +0 plate armour (melded)
   (You took it off an orc warrior on level 6 of the Dungeon)
 G - a +2 buckler (worn)
   (You found it on level 7 of the Dungeon)
Jewellery
 u - a +6 ring of dexterity (right branch)
   (You found it on level 8 of the Dungeon)
 v - a +4 ring of slaying (left branch)
   (You found it on level 4 of the Dungeon)
 y - a +6 ring of strength
   (You found it on level 6 of the Dungeon)
Wands
 c - a wand of disintegration (14)
   (You found it on level 6 of the Dungeon)
 t - a wand of polymorph (8)
   (You took it off Crazy Yiuf on level 3 of the Dungeon)
Scrolls
 b - 2 scrolls of fog {unknown}
 f - 5 scrolls of amnesia {unknown}
 g - 2 scrolls of remove curse {unknown}
 i - a scroll of magic mapping {unknown}
 j - 2 scrolls of enchant weapon {unknown}
 k - 3 scrolls of enchant armour {unknown}
 l - a scroll of noise {unknown}
 n - 2 scrolls of blinking {unknown}
 o - 4 scrolls of teleportation {unknown}
 E - 8 scrolls of identify {unknown}
Potions
 e - 2 potions of degeneration {!q}
 h - 3 potions of flight
 p - a potion of cancellation {unknown}
 q - a potion of ambrosia {unknown}
 r - 2 potions of lignification {!q}
 w - a potion of invisibility {unknown}
 z - a potion of mutation {unknown}
 A - 2 potions of berserk rage {unknown}
 B - 2 potions of brilliance {unknown}
 C - 2 potions of haste {unknown}
 D - a potion of stabbing {unknown}


   Skills:
 + Level 10.8 Fighting
 * Level 14.2 Axes
   Level 0.0(9.4) Polearms
 - Level 2.4 Armour
 - Level 2.1 Dodging
 + Level 2.9 Shields


You had 9 spell levels left.
You didn't know any spells.
Your spell library was empty.

Dungeon Overview and Level Annotations

Branches:
Dungeon (8/15)             Temple (0/1) D:6
   Lair: D:8-11

Altars:
Dithmenos
Fedhas
Gozag
Hepliaklqana
Makhleb
Nemelex Xobeh
Qazlal
Sif Muna
Vehumet
Xom

Shops:
D:3 *   D:6 *


Innate Abilities, Weirdness & Mutations

((You reflexively headbutt those who attack you in melee.))
((You have a pair of horns on your head.))


Message History

Your skin crawls.
You feel resistant to hostile enchantments.
A red film seems to cover your vision as you go berserk!
You feel yourself moving faster!
You feel mighty!
You feel a strong urge to attack something.
The two-headed ogre hits you but does no damage.
You block the two-headed ogre's attack.
You slash the two-headed ogre! You headbutt the two-headed ogre!
You slice the two-headed ogre!! You headbutt the two-headed ogre!
You kill the two-headed ogre!
Trog accepts your kill.
Your Axes skill increases to level 14!
Your Shields skill increases to level 2!
A two-headed ogre comes into view. It is wielding two +0 giant clubs.
The two-headed ogre shouts in stereo!
You hear a shout!
Things that are here:
a +0 giant club; a +0 giant spiked club Unknown command.
You feel a strong urge to attack something.
You are no longer berserk.
You are exhausted.
You feel yourself slow down.
You slash the two-headed ogre! You headbutt the two-headed ogre!
The two-headed ogre hits you with a +0 giant club.
The two-headed ogre hits you with a +0 giant club!!
You slash the two-headed ogre!
The two-headed ogre hits you with a +0 giant club.
The two-headed ogre hits you with a +0 giant club!!
You slash the two-headed ogre!
The two-headed ogre hits you with a +0 giant club!!
* * * LOW HITPOINT WARNING * * *
The two-headed ogre hits you with a +0 giant club!!
* * * LOW HITPOINT WARNING * * *
It was a potion of lignification.
You turn into a tree.
Your +0 cloak of stealth melds into your body.
Your +0 pair of boots melds into your body.
Your +0 plate armour melds into your body.
You feel less stealthy.
Your roots penetrate the ground.
The two-headed ogre hits you with a +0 giant club.
* * * LOW HITPOINT WARNING * * *
The two-headed ogre hits you with a +0 giant club.
* * * LOW HITPOINT WARNING * * *
You barely miss the two-headed ogre.
The two-headed ogre completely misses you.
The two-headed ogre hits you with a +0 giant club!
* * * LOW HITPOINT WARNING * * *
You slash the two-headed ogre!
The two-headed ogre hits you but does no damage.
The two-headed ogre hits you with a +0 giant club.
You die...

g≈.......##.........#
≈≈.......##.........#
......... #.........#
≈≈......###.........#
g≈.................##
##..##.####)........#
#.. #.........# .$.#
##.........# ...#
##....♣.....# ....#
#.....O<....# ....
#..........## ...
#..........#
#..........#
#..........#
##........##
..........#
#.#.#.#....


You could see a two-headed ogre.

Vanquished Creatures
  A two-headed ogre (D:8)
  A hornet (D:7)
  Sigmund (D:3)
  Eustachio (D:6)
  A steam dragon (D:7)
  An orc warrior (D:6)
  2 black bears
  Purgy (D:3)
  2 sky beasts
  A phantom (D:4)
  5 ogres
  Blork the orc (D:6)
  3 bullfrogs
  2 scorpions
  9 wights
  3 howler monkeys
  2 bullfrog zombies
  2 jellies
  A quasit (D:7)
  6 orc priests
  4 hounds
  8 orc wizards
  A centaur skeleton (D:7)
  Crazy Yiuf (D:3)
  Natasha (thrice) (D:3)
  9 worker ants
  11 adders
  7 gnolls
  A shadow imp (D:5)
  2 white imps (D:7)
  An ooze (D:4)
  3 worms
  2 dart slugs (D:1)
  8 leopard geckos
  21 orcs
  3 giant cockroaches
  3 goblins
  8 hobgoblins
  11 jackals
  11 kobolds
  5 quokkas
  2 ball pythons
  10 bats
  9 frilled lizards
  A leopard gecko zombie (D:7)
  A quokka skeleton (D:7)
  7 rats
199 creatures vanquished.

Vanquished Creatures (collateral kills)
  Pikel (D:6)
  4 lemures (D:6)
  A bullfrog skeleton (D:6)
6 creatures vanquished.

Grand Total: 205 creatures vanquished

Notes
Turn   | Place    | Note
-------+----------+-------------------------------------------
     0 | D:1      | KennyOmg the Minotaur Berserker began the quest for the
                  | Orb.
     0 | D:1      | Reached XP level 1. HP: 19/19 MP: 0/0
   204 | D:1      | Reached skill level 4 in Axes
   373 | D:1      | Reached XP level 2. HP: 20/27 MP: 1/1
  1155 | D:1      | Reached XP level 3. HP: 33/33 MP: 2/2
  1396 | D:2      | Reached skill level 5 in Axes
  1453 | D:2      | Reached ** piety under Trog
  1734 | D:2      | Found a shimmering blue altar of Sif Muna.
  1734 | D:2      | Found a blossoming altar of Fedhas.
  1734 | D:2      | Found a shimmering altar of Xom.
  1855 | D:2      | Reached XP level 4. HP: 24/41 MP: 3/3
  2551 | D:2      | Found a stormy altar of Qazlal.
  2805 | D:3      | Noticed Natasha
  2808 | D:3      | Killed Natasha
  2814 | D:3      | Noticed Purgy
  2817 | D:3      | Reached skill level 6 in Axes
  2818 | D:3      | Reached XP level 5. HP: 47/47 MP: 4/4
  2819 | D:3      | Reached skill level 5 in Fighting
  2823 | D:3      | Killed Purgy
  2826 | D:3      | Reached skill level 7 in Axes
  2833 | D:3      | Reached XP level 6. HP: 56/56 MP: 5/5
  2920 | D:3      | Found a faded altar of an unknown god.
  2953 | D:3      | Noticed Sigmund
  2963 | D:3      | Killed Sigmund
  3141 | D:3      | Reached skill level 8 in Axes
  3189 | D:3      | Found an opulent altar of Gozag.
  3191 | D:3      | Found Gozag's Platinum Reserve.
  3196 | D:3      | Noticed Natasha
  3420 | D:3      | Killed Natasha
  3501 | D:3      | Noticed Natasha
  3507 | D:3      | Killed Natasha
  3507 | D:3      | Reached XP level 7. HP: 58/63 MP: 6/6
  3727 | D:3      | Found a hazy altar of Hepliaklqana.
  3942 | D:3      | Found a runed translucent door.
  3943 | D:3      | Noticed Crazy Yiuf
  4121 | D:3      | Killed Crazy Yiuf
  4424 | D:3      | Reached *** piety under Trog
  4768 | D:3      | Reached skill level 9 in Axes
  5221 | D:4      | Reached XP level 8. HP: 68/73 MP: 7/7
  5263 | D:4      | Reached skill level 10 in Axes
  5552 | D:5      | Entered Level 5 of the Dungeon
  5622 | D:5      | Found a shadowy altar of Dithmenos.
  5648 | D:5      | Found a radiant altar of Vehumet.
  6190 | D:6      | Reached skill level 11 in Axes
  6228 | D:6      | Found a staircase to the Ecumenical Temple.
  6247 | D:6      | Found Niewedd's Assorted Antiques.
  6248 | D:6      | Got a smoking tin ring
  6257 | D:6      | Noticed Eustachio
  6266 | D:6      | Killed Eustachio
  6403 | D:6      | Reached **** piety under Trog
  6515 | D:6      | Reached XP level 9. HP: 82/82 MP: 8/8
  6531 | D:6      | Reached skill level 12 in Axes
  6628 | D:6      | Noticed Pikel
  6635 | D:6      | Killed Pikel
  6658 | D:6      | Identified the ring "Lefaut" {MP+9 Str+3} (You found it on
                  | level 6 of the Dungeon)
  6776 | D:6      | Noticed Blork the orc
  6784 | D:6      | Reached skill level 13 in Axes
  6787 | D:6      | Killed Blork the orc
  7088 | D:7      | Found a burning altar of Makhleb.
  7107 | D:7      | Reached skill level 10 in Fighting
  7262 | D:7      | Found a sparkling altar of Nemelex Xobeh.
  7345 | D:7      | Reached skill level 1 in Shields
  7471 | D:7      | Reached XP level 10. HP: 87/94 MP: 9/9
  7943 | D:8      | Noticed a two-headed ogre
  7950 | D:8      | Killed a two-headed ogre
  7950 | D:8      | Reached skill level 14 in Axes
  7951 | D:8      | Noticed a two-headed ogre
  7959 | D:8      | HP: 2/141 [two-headed ogre/+0 giant club (10)]
  7960 | D:8      | Slain by a two-headed ogre

Illustrated notes

Levels and vault maps discovered:
D:1:      saegor_arrival_miasma, layout_basic
D:2:      layout_loops_ring, marbit_many_paths,
          gammafunk_temple_overflow_forgotten
D:3:      layout_basic, lemuel_round_altar, nicolae_gozag_zags_fifth_avenue,
          chequers_ecumenical_altar_island, uniq_purgy, uniq_sigmund,
          uniq_crazy_yiuf_cottage, uniq_natasha
D:4:      layout_rooms
D:5:      layout_rooms, lemuel_doored_altar, nicolae_dithmenos_shadow_blocks
D:6:      layout_rooms, minmay_temple_entry_mist, serial_shops, shop,
          uniq_pikel, uniq_blork_the_orc, uniq_eustachio
D:7:      layout_loops_cross, nicolae_overflow_crystal_walls, kennysheep_mini
D:8:      layout_rooms, old_standard_altar, st_stairs_4,
          kennysheep_okawaru_gauntlet, uniq_harold, uniq_prince_ribbit1,
          uniq_maurice

Skill      XL: |  1  2  3  4  5  6  7  8  9 10 |
---------------+-------------------------------+-----
Axes           | 4 5 6 7 8 9 11 13 14 | 14.2
Fighting       | 4 5 6 7 8 10 | 10.8
Shields        | 1 2 |  2.9
Armour         | |  2.4
Dodging        | |  2.1

Action                   |  1- 3 |  4- 6 |  7- 9 | 10-12 || total
-------------------------+-------+-------+-------+-------++-------
Melee: Hand axe          |    74 |       |       |       ||    74
       Headbutt          |    12 |    11 |    56 |     5 ||    84
       War axe           |    16 |    63 |   238 |    28 ||   345
Invok: Berserk           |       |     2 |     6 |     1 ||     9
       Trog's Hand       |       |     1 |       |     1 ||     2
       Brothers in Arms  |       |       |     1 |       ||     1
  Use: Potion            |       |     3 |       |     1 ||     4
 Stab: Distracted        |       |     1 |       |       ||     1
Armor: Animal skin       |    21 |       |       |       ||    21
       Ring mail         |       |    25 |    15 |       ||    40
       Chain mail        |       |       |    89 |       ||    89
       Plate armour      |       |       |    30 |     7 ||    37
       Skin              |       |       |       |     1 ||     1
Dodge: Dodged            |    55 |    51 |   103 |     7 ||   216
Block: Buckler           |       |       |     2 |     3 ||     5

Table legend: (Time is in decaauts)
 A = Elapsed time spent in this place.
 B = Non-inter-level travel time spent in this place.
 C = Inter-level travel time spent in this place.
 D = Time resting spent in this place.
 E = Time spent auto-exploring this place.
 F = Levels seen in this place.
 G = Mean time per level.
                   A        B        C        D        E       F      G
               +--------+--------+--------+--------+--------+-----+--------+
         Total |   8069 |   7779 |    290 |   1621 |   4979 |   8 | 1008.6 |
       Dungeon |   8069 |   7779 |    290 |   1621 |   4979 |   8 | 1008.6 |
               +--------+--------+--------+--------+--------+-----+--------+

Top non-repeatable levels by time:
     D:3: 2352 daAuts
     D:1: 1418 daAuts
     D:2: 1245 daAuts
     D:6: 915 daAuts
     D:7: 844 daAuts
     D:4: 623 daAuts
     D:5: 621 daAuts
     D:8: 49 daAuts
